 Dungeon Crawl Stone Soup version 0.28-b1-1-g3c77fb2ed1 (webtiles) character file.

Game seed: 11434960434947231384

123 BeavisTheGrey the Skirmisher (level 5, -3/70 HPs)
             Began as a Hill Orc Fighter on Jan 28, 2022.
             Slain by an iguana (8 damage)
             ... on level 2 of the Dungeon on Jan 29, 2022.
             The game lasted 00:26:56 (3959 turns).

BeavisTheGrey the Skirmisher (Hill Orc Fighter)     Turns: 3959, Time: 00:26:57

Health: -3/70      AC: 22    Str: 19    XL:     5   Next: 7%
Magic:  5/5        EV:  2    Int:  8    God:
Gold:   78         SH:  5    Dex: 12    Spells: 4/4 levels left

rFire   . . .      SeeInvis .   t - +1 dagger (speed)
rCold   . . .      Faith    .   c - +0 buckler
rNeg    . . .      Spirit   .   (armour currently unavailable)
rPois   +          Reflect  .   (helmet currently unavailable)
rElec   .          Harm     .   (cloak currently unavailable)
rCorr   .          Rampage  .   (gloves currently unavailable)
Will    .....      NoTele   +   (boots currently unavailable)
Stlth   +.........              (no amulet)
HPRegen 0.21/turn               k - ring of flight
MPRegen 0.09/turn               (no ring)

@: tree-form, weak-willed, attractive
A: stationary, stasis, torment immunity, boosted hp
a: no special abilities


You were on level 2 of the Dungeon.
You were a tree.
You visited 1 branch of the dungeon, and saw 3 of its levels.

You collected 78 gold pieces.

Inventory:

Hand Weapons
 a - a +0 long sword
 h - a +0 club
 j - a +0 dagger
 l - a +0 short sword
 m - a +0 whip
 o - a +0 hunting sling
 t - a +1 dagger of speed (weapon)
 x - a +0 dagger
 y - a +0 hunting sling
Missiles
 e - 106 stones (quivered)
Armour
 b - a +0 scale mail
 c - a +0 buckler (worn)
 g - a +0 robe
 i - a +1 ring mail (melded)
 q - a +0 cloak
Jewellery
 k - a ring of flight (left branch)
Scrolls
 p - a scroll of enchant armour
 s - a scroll of magic mapping {unknown}
 v - a scroll of noise {unknown}
Potions
 d - a potion of might
 f - 2 potions of curing


   Skills:
 + Level 4.3 Fighting
 + Level 0.3(1.9) Short Blades
 + Level 3.3(3.4) Long Blades
 + Level 4.3 Armour
 + Level 0.2 Dodging
 + Level 0.3 Stealth
 + Level 3.9 Shields


You had 4 spell levels left.
You didn't know any spells.
Your spell library was empty.

Dungeon Overview and Level Annotations

Branches:
Dungeon (3/15)

Altars:
Trog


Message History

The iguana is moderately wounded.
You hit the iguana but do no damage.
The iguana is moderately wounded.
You block the iguana's attack.
You hit the iguana.
The iguana is moderately wounded.
The iguana bites you but does no damage.
You barely miss the iguana.
The iguana is moderately wounded.
The iguana bites you.
* * * LOW HITPOINT WARNING * * *
You barely miss the iguana.
The iguana is moderately wounded.
You hit the iguana but do no damage.
The iguana is moderately wounded.
The iguana bites you.
* * * LOW HITPOINT WARNING * * *
You hit the iguana but do no damage.
The iguana is moderately wounded.
The iguana bites you.
* * * LOW HITPOINT WARNING * * *
You hit the iguana but do no damage.
The iguana is moderately wounded.
You hit the iguana but do no damage.
The iguana is moderately wounded.
The iguana bites you but does no damage.
You hit the iguana.
The iguana is heavily wounded.
You hit the iguana.
The iguana is heavily wounded.
You block the iguana's attack.
You barely miss the iguana.
The iguana is heavily wounded.
The iguana bites you but does no damage.
You closely miss the iguana.
The iguana is heavily wounded.
You barely miss the iguana.
The iguana is heavily wounded.
The iguana bites you!
You die...

.................###.##...# #.#
#.#########.###..# #.###### #.#
....# #.# #..# #.# #.# ....##
#.###..# #.# #.# ._...# #.#....#
#.# #.# .....# #.#.##.# #.# ##.#
.....######.#.##.# #.# #..#
.................###.#########.##
###########.....♣....##....>.#.#
###.##l######.####.#.#
#.##.######.# #.#.# #.##.....)..#
#.#.## #.##############.....
#.##########.......##
#............#######
##############


You could see an iguana (weak-willed).

Vanquished Creatures
  4 adders
  2 worms
  3 dart slugs
  2 bats
  5 endoplasms
  4 giant cockroaches
  16 goblins
  9 hobgoblins
  3 jackals (D:3)
  3 kobolds
  3 quokkas
  3 ball pythons
  7 rats
64 creatures vanquished.

Notes
Turn   | Place    | Note
-------+----------+-------------------------------------------
     0 | D:1      | BeavisTheGrey the Hill Orc Fighter began the quest for the
                  | Orb.
     0 | D:1      | Reached XP level 1. HP: 19/19 MP: 1/1
   143 | D:1      | Reached XP level 2. HP: 21/27 MP: 2/2
   436 | D:1      | Found a faded altar of an unknown god.
   657 | D:1      | Reached XP level 3. HP: 27/33 MP: 3/3
  2103 | D:2      | Found a bloodstained altar of Trog.
  2110 | D:2      | Reached XP level 4. HP: 40/40 MP: 4/4
  3697 | D:3      | Reached XP level 5. HP: 42/47 MP: 5/5
  3959 | D:2      | Slain by an iguana

Illustrated notes

Levels and vault maps discovered:
D:1:      onia_arrival_pyramid, layout_basic, ebering_ecumenical_altar_hall
D:2:      layout_loops_ring, basic_altar
D:3:      layout_basic, minmay_goblin_outpost

Skill      XL: |  1  2  3  4 |
---------------+-------------+-----
Fighting       | 4 |  4.3
Long Blades    | 3 |  3.3
Armour         | 4 |  4.3
Short Blades   | |  0.3
Dodging        | |  0.2
Stealth        | |  0.3
Shields        | |  3.9

Action                   |  1- 3 |  4- 6 || total
-------------------------+-------+-------++-------
Melee: Long sword        |    87 |    31 ||   118
       Dagger            |       |   149 ||   149
  Use: Scroll            |       |     4 ||     4
       Potion            |       |     2 ||     2
Armor: Scale mail        |     3 |       ||     3
       Ring mail         |    21 |    42 ||    63
       Skin              |       |     4 ||     4
Dodge: Dodged            |    46 |    79 ||   125
Block: Buckler           |    21 |    27 ||    48
